 Dungeon Crawl Stone Soup version 0.25.1-2-g60ff931 (webtiles) character file.

Game seed: 10550399733001656095

99 Chrisjfl the Cudgeler (level 4, -1/26 HPs)
             Began as a Tengu Gladiator on Sept 10, 2020.
             Slain by a worm (9 damage)
             ... on level 3 of the Dungeon.
             The game lasted 00:04:33 (2332 turns).

Chrisjfl the Cudgeler (Tengu Gladiator)             Turns: 2332, Time: 00:04:34

Health: -1/26      AC:  3    Str: 15    XL:     4   Next: 72%
Magic:  5/5        EV: 13    Int:  9    God:
Gold:   101        SH:  0    Dex: 15    Spells: 3/3 levels left

rFire    . . .     SeeInvis .   a - +0 flail
rCold    . . .     Gourm    .   (no shield)
rNeg     . . .     Faith    .   b - +0 leather armour
rPois    .         Spirit   .   c - +0 hat
rElec    .         Reflect  .   (no cloak)
rCorr    .         Harm     .   (no gloves)
MR       .....                  (boots unavailable)
Stlth    +.........             (no amulet)
HPRegen  0.08/turn              (no ring)
MPRegen  0.09/turn              (no ring)

@: no status effects
A: beak, talons 3
a: no special abilities


You were on level 3 of the Dungeon.
You were hungry.

You visited 1 branch of the dungeon, and saw 3 of its levels.

You collected 101 gold pieces.

Inventory:

Hand Weapons
 a - a +0 flail (weapon)
 g - a +3 whip
Missiles
 d - 3 throwing nets (quivered)
 l - a stone
Armour
 b - a +0 leather armour (worn)
 c - a +0 hat (worn)
Wands
 k - a wand of random effects (12)
Scrolls
 e - a scroll of amnesia {unknown}
 h - 2 scrolls of immolation
 i - a scroll of magic mapping
 j - a scroll of enchant weapon {unknown}
Comestibles
 f - 2 rations


   Skills:
 - Level 2.0 Fighting
 + Level 5.8 Maces & Flails
 - Level 2.0 Throwing
 - Level 3.2 Dodging


You had 3 spell levels left.
You didn't know any spells.
Your spell library was empty.

Dungeon Overview and Level Annotations

Branches:
Dungeon (3/15)

Altars:


Innate Abilities, Weirdness & Mutations

You have a beak for a mouth.
You have claws for feet.


Message History

You barely miss the worm.
The worm is moderately wounded.
The worm bites you!
* * * LOW HITPOINT WARNING * * *
The worm splashes around in the water.
You see here a rat skeleton.
All of the chunks of flesh in your inventory have rotted away.
You are feeling hungry.
Things that are here:
a +0 club; a kobold skeleton You start resting.
You hear the rapid rusting of a drain.
You start resting.
The worm is too close now for your liking.
Okay, then.
A worm is nearby!
You hit the worm. You claw the worm!
The worm is severely wounded.
The worm bites you!
You die...

≈#w# #####.####.# ... ≈#≈#
#[.........# ##.###### ≈#≈#
#####.########........ ≈w≈#
#.............# #######
##########..#.# ≈≈≈≈≈≈## #..#
≈#≈#≈≈.# #.)#
≈≈≈.≈÷.############..#
≈.......)......w@....#
......)#############.###########.
.......# #............. ########
##############


You could see a worm.

Vanquished Creatures
  A gnoll (D:2)
  An adder (D:3)
  2 river rats (D:3)
  An ooze (D:1)
  3 dart slugs
  2 worms (D:3)
  3 bats
  A giant cockroach (D:1)
  4 goblins (D:1)
  7 hobgoblins
  6 jackals (D:1)
  2 ball pythons
  3 frilled lizards
  5 kobolds
  6 rats (D:3)
47 creatures vanquished.

Notes
Turn   | Place    | Note
-------+----------+-------------------------------------------
     0 | D:1      | Chrisjfl the Tengu Gladiator began the quest for the Orb.
     0 | D:1      | Reached XP level 1. HP: 12/12 MP: 2/2
   361 | D:1      | Reached XP level 2. HP: 17/17 MP: 3/3
   401 | D:1      | Reached skill level 4 in Maces & Flails
   551 | D:1      | Reached XP level 3. HP: 21/21 MP: 4/4
  1277 | D:2      | Reached skill level 5 in Maces & Flails
  1724 | D:2      | Reached XP level 4. HP: 26/26 MP: 5/5
  2332 | D:3      | Slain by a worm

Illustrated notes

Levels and vault maps discovered:
D:1:      dpeg_arrival_radiant, layout_basic
D:2:      wad_pebble_path, layout_basic, nicolae_overflow_crystal_walls,
          moated_statue, uniq_jessica
D:3:      layout_loops_ring, overflow_temple_1_default,
          lightli_sewer_entry_pipes

Skill      XL: |  1  2  3 |
---------------+----------+-----
Maces & Flails | 4 5 |  5.8
Fighting       | |  2.0
Throwing       | |  2.0
Dodging        | |  3.2

Action                   |  1- 3 |  4- 6 || total
-------------------------+-------+-------++-------
Melee: Flail             |    56 |    52 ||   108
       Kick              |    15 |     9 ||    24
       Peck              |     6 |     2 ||     8
  Use: Scroll            |       |     2 ||     2
  Eat: Chunk             |     2 |     2 ||     4
Armor: Leather armour    |    22 |     8 ||    30
Dodge: Dodged            |    62 |    38 ||   100
